Map: Proxima Station LE

Players

avilo - Winner!

  • Race: Terran Terran
  • League: Grandmaster
  • Spawn Location: 7:00

Snake

  • Race: Zerg Zerg
  • League: Grandmaster
  • Spawn Location: 1:00

VOD

Have the link to the VOD?

Description

TEST

Time

  • Played on: April 21, 2017, 12:28 a.m.
  • Length: 38:36
Show
View Real Time Build Order
Export as new Build Order

avilo Terran - Winner!

Build Orders: 13 gas / 14 pool, Liberator Opening, Reaper Expand 

Get SALT Encoding   

  12  0:00  SCV  
  13  0:12  SCV  
  14  0:17  Supply Depot  
  14  0:25  SCV  
  15  0:39  SCV  
  15  0:41  Barracks  
  16  0:45  Refinery  
  16  0:51  SCV  
  17  1:03  SCV  
  18  1:15  SCV  
  19  1:30  Orbital Command, Reaper  
  20  1:40  Command Center  
  20  1:50  Supply Depot  
  20  1:56  SCV  
  21  2:02  Marine  
  21  2:08  SCV  
  23  2:13  Factory  
  23  2:15  Refinery  
  23  2:20  SCV  
  24  2:28  Barracks Reactor  
  24  2:32  SCV  
  25  2:44  SCV  
  26  2:53  Orbital Command  
  26  2:56  SCV  
  27  3:03  Starport  
  27  3:07  Hellion  
  27  3:08  SCV  
  27  3:09  Hellion  
  32  3:17  Barracks Tech Lab  
  32  3:20  SCV x2  
  34  3:29  Hellion  
  34  3:30  Hellion  
  34  3:32  SCV x2, Liberator  
  40  3:34  Supply Depot  
  39  3:43  Refinery  
  39  3:44  SCV, Fusion Core  
  39  3:45  SCV  
  44  3:56  SCV, Supply Depot  
  44  3:57  SCV  
  41  4:03  Hellion  
  41  4:04  Hellion  
  41  4:09  SCV x2  
  47  4:19  Supply Depot  
  47  4:21  SCV  
  47  4:22  Liberator  
  47  4:23  SCV  
  49  4:25  Hellion x2  
  53  4:38  SCV x2  
  53  4:39  Advanced Ballistics  
  58  4:49  Hellion  
  58  4:50  SCV x2  
  58  4:52  Supply Depot  
  62  5:02  SCV x2  
  62  5:06  Command Center, Liberator  
  64  5:11  Barracks Reactor  
  64  5:12  Refinery  
  64  5:15  SCV x2  
  66  5:25  Starport  
  66  5:27  SCV x2  
  71  5:32  Supply Depot  
  71  5:33  Starport  
  71  5:39  SCV x2  
  71  5:42  Hellion x2  
  77  5:51  SCV  
  77  5:53  SCV  
  79  5:59  Cloaking Field  
  79  6:01  Starport Tech Lab  
  79  6:03  SCV, Hellion  
  79  6:04  Liberator x2  
  82  6:06  SCV  
  82  6:08  Banshee  
  82  6:09  Orbital Command  
  86  6:22  Hellion  
  86  6:24  SCV  
  95  6:34  Banshee  
  95  6:35  Hellion  
  95  6:36  SCV, Refinery  
  95  6:37  Command Center  
  101  6:44  Orbital Command  
  101  6:53  Supply Depot  
  101  6:54  Supply Depot  
  101  7:01  Supply Depot  
  101  7:06  Liberator x2  
  101  7:14  Banshee, SCV x2  
  101  7:15  Hellion  
  108  7:17  SCV  
  108  7:21  Banshee  
  108  7:22  Engineering Bay  
  112  7:27  SCV x2  
  112  7:28  Factory  
  112  7:29  SCV  
  121  7:32  Factory  
  116  7:39  SCV x2  
  116  7:41  SCV  
  117  7:50  Orbital Command  
  117  7:51  SCV x2, Widow Mine x2  
  103  7:52  Liberator  
  103  7:53  Missile Turret, Liberator  
  103  7:54  Missile Turret  
  103  7:56  Missile Turret  
  103  7:57  Missile Turret x2  
  103  7:58  Missile Turret x2  
  107  8:01  SCV, Missile Turret  
  107  8:03  SCV  
  109  8:10  Banshee  
  118  8:13  Factory Tech Lab  
  118  8:15  Factory Tech Lab  
  118  8:16  SCV x2  
  120  8:24  SCV  
  120  8:25  Refinery  
  119  8:29  Command Center  
  119  8:33  Siege Tank  
  122  8:36  Armory  
  122  8:41  Siege Tank  
  125  8:58  Raven  
  125  9:00  Raven  
  125  9:02  Hellion x2  
  133  9:16  Hellion  
  138  9:17  Siege Tank, Viking  
  138  9:24  Command Center  
  140  9:31  Command Center  
  140  9:34  Command Center  
  140  9:35  Command Center  
  140  9:40  Viking  
  140  9:45  Raven x2  
  139  9:47  Viking  
  145  9:53  Missile Turret  
  145  9:54  Planetary Fortress  
  145  9:59  Hellion x2  
  145  10:09  Thor  
  145  10:13  Supply Depot x2  
  149  10:15  Supply Depot  
  149  10:16  Supply Depot  
  149  10:18  Missile Turret  
  149  10:24  Thor  
  149  10:26  Terran Vehicle Weapons Level 1  
  155  10:31  Missile Turret  
  155  10:34  SCV, Hellion x2  
  160  10:46  SCV, Command Center  
  160  10:49  Missile Turret  
  161  10:51  Missile Turret, Sensor Tower  
  161  10:52  Missile Turret x2  
  161  10:56  Orbital Command, Viking x2  
  161  10:57  Raven  
  165  10:58  SCV  
  165  11:01  Barracks  
  165  11:02  Barracks  
  165  11:03  Ghost Academy  
  168  11:05  Orbital Command x2, Barracks  
  168  11:07  Planetary Fortress  
  168  11:10  SCV  
  163  11:20  Missile Turret  
  163  11:22  Missile Turret  
  163  11:23  SCV  
  164  11:26  Refinery  
  164  11:28  Refinery  
  164  11:33  Refinery  
  164  11:36  Missile Turret  
  164  11:39  Missile Turret  
  164  11:43  Missile Turret  
  164  11:45  Missile Turret  
  164  11:48  Sensor Tower  
  164  11:50  Missile Turret  
  164  11:56  SCV, Missile Turret  
  164  11:57  Refinery  
  164  12:00  Barracks Tech Lab x2, Refinery  
  165  12:01  Barracks Tech Lab  
  165  12:03  Barracks Tech Lab, Hellion x6  
  165  12:04  Command Center  
  165  12:08  SCV  
  166  12:10  Orbital Command  
  166  12:20  SCV  
  166  12:21  Command Center  
  167  12:26  Raven x2  
  167  12:27  Ghost, Recalibrated Explosives  
  167  12:28  Ghost  
  177  12:30  Ghost  
  177  12:32  Hellion x2  
  181  12:42  Ghost  
  183  12:44  Siege Tank  
  186  12:57  Ghost  
  188  13:00  Viking x2  
  186  13:06  SCV  
  186  13:09  Raven x2  
  186  13:11  Missile Turret  
  186  13:12  Command Center  
  188  13:18  SCV  
  189  13:21  Command Center  
  188  13:30  SCV  
  179  13:39  Ghost x4  
  185  13:46  Starport  
  185  13:47  Starport  
  185  13:51  Planetary Fortress  
  185  13:52  Raven x2, Orbital Command  
  185  13:54  Missile Turret  
  183  13:57  Missile Turret  
  183  14:03  Personal Cloaking  
  180  14:10  Missile Turret, Terran Ship Weapons Level 1  
  180  14:15  Building Armor  
  177  14:26  Missile Turret  
  177  14:27  Missile Turret  
  177  14:28  Missile Turret  
  177  14:29  Missile Turret x2  
  177  14:30  Siege Tank x2, Missile Turret, Refinery  
  177  14:31  Hellion x2  
  187  14:32  Missile Turret x2  
  187  14:36  Starport Tech Lab x2  
  187  14:42  Orbital Command  
  178  15:01  Missile Turret  
  178  15:02  Sensor Tower  
  178  15:03  Missile Turret  
  178  15:04  Missile Turret  
  178  15:05  Missile Turret  
  178  15:06  Missile Turret  
  178  15:07  Missile Turret  
  178  15:08  Refinery  
  178  15:13  Hellion  
  178  15:14  Raven x3, Hellion x3  
  186  15:15  Raven  
  186  15:16  Planetary Fortress  
  194  15:21  Sensor Tower  
  190  15:30  Missile Turret  
  190  15:34  Missile Turret  
  190  15:35  Missile Turret x2  
  190  15:38  Missile Turret  
  190  15:42  Missile Turret  
  190  15:53  Missile Turret  
  190  15:54  Ghost x3  
  190  15:55  Hi-Sec Auto Tracking  
  196  15:57  Raven x2  
  196  16:00  Missile Turret  
  200  16:07  Missile Turret x2  
  200  16:10  Missile Turret  
  192  16:15  Missile Turret  
  192  16:16  Missile Turret  
  192  16:18  Refinery  
  192  16:20  SCV, Refinery  
  193  16:35  Command Center  
  193  16:52  Hellion x3  
  193  16:53  Terran Ship Weapons Level 2  
  199  17:04  Armory  
  186  17:39  Raven x4  
  193  17:55  Ghost x3  
  199  18:01  Command Center  
  199  18:03  Command Center  
  199  18:04  Command Center  
  190  18:19  Ghost  
  186  18:21  Raven x2  
  186  18:22  Raven  
  186  18:23  Ghost  
  196  18:47  Ghost Academy x2  
  196  18:48  Ghost Academy  
  196  18:51  Command Center  
  196  18:52  Nuke  
  196  18:53  Command Center  
  178  19:54  Raven x4  
  178  19:59  Orbital Command x2  
  177  20:37  Raven x3  
  168  21:08  Banshee  
  168  21:09  Hellion x4  
  179  21:19  Raven  
  181  21:32  Missile Turret x3  
  181  21:33  Sensor Tower  
  181  21:34  Corvid Reactor  
  181  21:35  Nuke x2  
  181  21:36  Nuke  
  181  21:51  Command Center  
  181  21:53  Command Center  
  175  21:57  Command Center  
  171  22:32  Raven x4  
  171  22:33  Siege Tank x2  
  171  22:34  Hellion x2  
  189  22:37  Nuke x2  
  187  22:46  Missile Turret  
  184  23:15  Raven  
  186  23:24  Siege Tank x2  
  192  23:35  Ghost x4  
  195  24:01  Planetary Fortress  
  195  24:11  Command Center  
  189  25:10  Orbital Command  
  189  25:11  Orbital Command  
  189  25:14  Orbital Command  
  179  25:17  Orbital Command x2  
  179  25:18  Orbital Command  
  179  25:19  Orbital Command  
  179  25:21  Orbital Command, Ghost x4, Medivac  
  181  25:22  Orbital Command  
  181  25:24  Orbital Command  
  181  25:25  Orbital Command x2  
  189  25:50  Orbital Command x2  
  170  26:59  Ghost x4  
  178  27:12  Command Center  
  178  27:14  Raven  
  190  27:15  Siege Tank x2, Hellbat x2  
  190  27:17  Terran Ship Weapons Level 3  
  190  27:18  Terran Vehicle And Ship Armor Level 1  
  190  27:22  Command Center  
  190  28:09  Orbital Command  
  190  28:30  Orbital Command  
  187  28:56  Missile Turret  
  187  28:57  Missile Turret  
  187  28:58  Missile Turret  
  171  30:39  Siege Tank x2  
  171  30:40  Reaper, Hellion x2  
  182  31:01  Hellbat x2  
  182  31:11  Hellbat  
  182  31:14  Missile Turret  
  182  31:16  Command Center  
  178  31:32  Sensor Tower  
  169  31:34  Planetary Fortress  
  169  31:35  Missile Turret  
  169  31:38  Missile Turret  
  169  31:39  Missile Turret  
  98  33:18  Ghost x3  
  101  33:20  Hellbat  
  101  33:21  Raven x4, Siege Tank x2, Hellbat  
  119  33:30  Command Center  
  119  33:44  Hellion x2  
  123  34:04  Raven x4  
  131  34:22  Siege Tank x2  
  131  34:23  Ghost x2  
  141  34:29  Ghost x2  
  145  34:52  Ghost x2  
  149  35:05  Siege Tank x2  
  155  35:12  Terran Vehicle Weapons Level 2  
  155  35:13  Terran Vehicle And Ship Armor Level 2  
  155  36:33  Missile Turret  
  155  36:34  Missile Turret x2  
  143  37:12  Raven x2  
  147  37:16  Hellion  
  147  37:17  Hellion x3  
  147  37:20  Command Center  
  155  37:38  Hellion x4  
  161  37:59  Hellion  
Show
View Real Time Build Order
Export as new Build Order

Snake Zerg 

Build Orders: 13 gas / 14 pool, Hatch First, Muta Ling Bane 

Get SALT Encoding   

  12  0:00  Drone  
  13  0:12  Overlord  
  13  0:18  Drone  
  14  0:31  Drone x2  
  16  0:35  Drone  
  17  0:54  Hatchery  
  17  0:56  Drone  
  17  1:11  Drone, Spawning Pool  
  16  1:18  Drone, Extractor  
  18  1:20  Drone  
  18  1:29  Drone  
  19  1:39  Overlord  
  19  1:49  Drone  
  20  1:57  Queen  
  22  2:02  Drone  
  22  2:07  Queen  
  25  2:08  Drone  
  25  2:13  Zergling x2  
  27  2:17  Zergling x2  
  27  2:20  Metabolic Boost  
  28  2:24  Zergling x2  
  29  2:30  Overlord  
  29  2:37  Drone, Queen  
  30  2:43  Drone  
  32  2:47  Drone  
  33  2:53  Drone  
  33  2:54  Drone  
  35  3:00  Drone  
  36  3:18  Hatchery  
  35  3:23  Drone x3  
  35  3:24  Drone  
  35  3:26  Drone x2  
  41  3:30  Zergling x6  
  44  3:35  Baneling Nest  
  44  3:36  Drone  
  44  3:59  Queen  
  44  4:15  Lair  
  44  4:16  Overlord  
  43  4:24  Overlord  
  43  4:31  Drone x6  
  44  4:32  Overlord  
  44  4:37  Zergling x14  
  56  4:47  Overlord  
  56  4:49  Extractor, Queen  
  56  4:51  Spore Crawler  
  54  4:52  Spore Crawler  
  54  4:54  Spore Crawler  
  54  4:55  Drone x5  
  54  4:58  Drone  
  58  5:09  Overlord  
  58  5:12  Baneling x4  
  58  5:13  Drone x3  
  58  5:14  Drone  
  62  5:16  Spore Crawler  
  61  5:22  Drone x5  
  61  5:23  Drone x2  
  68  5:32  Extractor  
  68  5:33  Extractor  
  68  5:34  Drone, Spire  
  68  5:35  Drone  
  67  5:38  Drone x2  
  68  5:43  Drone x3  
  70  5:51  Drone x3  
  73  5:58  Drone x2  
  73  5:59  Drone  
  73  6:00  Drone  
  73  6:01  Zergling x6  
  73  6:03  Drone  
  81  6:09  Centrifical Hooks  
  81  6:10  Queen  
  82  6:16  Extractor x2  
  76  6:28  Drone x3  
  76  6:29  Drone  
  80  6:35  Drone x2  
  82  6:42  Overlord  
  81  6:50  Overlord x2  
  81  6:54  Overlord  
  81  6:59  Mutalisk  
  81  7:00  Mutalisk x3  
  86  7:02  Mutalisk  
  87  7:13  Drone  
  87  7:14  Drone  
  89  7:20  Mutalisk x2  
  90  7:30  Mutalisk  
  90  7:35  Drone  
  90  7:36  Drone  
  94  7:41  Drone  
  92  7:51  Drone x2  
  90  7:52  Drone  
  90  7:57  Drone x3  
  94  8:02  Mutalisk  
  94  8:04  Drone x2  
  98  8:12  Mutalisk  
  99  8:21  Evolution Chamber  
  99  8:22  Evolution Chamber  
  99  8:25  Drone x3  
  99  8:26  Drone x2  
  100  8:30  Drone x5  
  100  8:31  Drone  
  106  8:36  Infestation Pit  
  106  8:39  Drone  
  106  8:41  Drone  
  107  8:44  Zerg Flyer Weapons Level 1  
  107  8:48  Overseer  
  107  8:51  Mutalisk x3  
  112  9:03  Overlord  
  112  9:09  Queen  
  110  9:11  Drone x2  
  110  9:12  Drone x3  
  113  9:21  Mutalisk  
  115  9:25  Overlord  
  113  9:31  Hive  
  113  9:32  Overlord  
  113  9:36  Overlord  
  113  9:41  Overlord  
  113  9:42  Hatchery  
  113  9:44  Overseer  
  113  9:45  Drone x2, Spire  
  114  9:48  Drone x2  
  115  9:55  Drone  
  115  9:56  Drone x3  
  115  9:57  Drone x5  
  115  9:58  Mutalisk x2  
  115  9:59  Zergling x4  
  130  10:02  Mutalisk x2  
  133  10:07  Mutalisk x2  
  137  10:17  Drone x2  
  137  10:20  Drone x3  
  137  10:21  Drone x3  
  145  10:37  Spine Crawler  
  145  10:38  Spore Crawler, Corruptor x2, Evolution Chamber  
  145  10:39  Corruptor x2, Evolution Chamber  
  145  10:40  Spore Crawler, Extractor  
  147  10:46  Greater Spire  
  147  10:51  Corruptor x2  
  147  10:52  Corruptor  
  147  10:55  Drone x4  
  157  10:57  Extractor  
  157  11:00  Zerg Flyer Armor Level 1  
  157  11:01  Corruptor  
  158  11:04  Drone  
  158  11:05  Overlord  
  157  11:27  Viper x3  
  157  11:30  Drone  
  165  11:35  Drone x4  
  165  11:36  Overlord  
  167  11:45  Overlord  
  167  11:51  Overlord x3  
  167  11:52  Overlord  
  167  11:55  Hatchery  
  167  11:57  Viper  
  167  12:00  Spore Crawler  
  168  12:01  Drone x2, Spore Crawler  
  168  12:02  Drone, Spore Crawler x2  
  168  12:03  Spine Crawler x2  
  168  12:04  Spore Crawler, Spine Crawler, Viper  
  168  12:05  Hatchery  
  168  12:06  Viper  
  168  12:07  Spore Crawler  
  168  12:08  Spore Crawler  
  168  12:15  Drone x3  
  169  12:16  Drone  
  169  12:18  Viper x2  
  169  12:22  Viper  
  180  12:23  Zerg Flyer Weapons Level 2  
  180  12:30  Extractor  
  179  12:41  Evolution Chamber x2  
  179  12:43  Drone  
  179  12:44  Drone x2, Evolution Chamber  
  179  12:51  Overlord  
  179  12:55  Zerg Melee Weapons Level 1, Zerg Ground Armor Level 1  
  179  12:56  Zergling x4  
  177  13:00  Evolution Chamber  
  177  13:01  Drone  
  177  13:02  Drone  
  177  13:03  Drone x7  
  179  13:09  Drone x2  
  181  13:17  Drone  
  182  13:20  Drone  
  182  13:23  Drone, Queen  
  182  13:24  Overlord  
  186  13:29  Drone x2  
  186  13:30  Drone x2  
  186  13:33  Zerg Flyer Armor Level 2  
  190  13:34  Zerg Missile Weapons Level 1  
  190  13:38  Hydralisk Den  
  190  13:39  Roach Warren  
  188  13:43  Queen  
  190  13:52  Drone  
  190  13:54  Spore Crawler, Spine Crawler  
  189  13:56  Spore Crawler  
  189  13:57  Spine Crawler, Overlord  
  189  13:59  Overlord  
  189  14:01  Hatchery  
  186  14:04  Burrow  
  183  14:10  Corruptor x2  
  183  14:11  Corruptor  
  185  14:17  Drone x6  
  185  14:18  Drone x2  
  185  14:22  Overlord  
  192  14:26  Drone x2  
  192  14:27  Drone x3  
  197  14:34  Glial Reconstitution  
  197  14:35  Muscular Augments  
  197  14:41  Overlord  
  197  14:42  Spore Crawler  
  190  14:53  Corruptor x2  
  190  14:54  Corruptor x2  
  190  14:56  Hydralisk x2  
  200  15:03  Overseer x2  
  200  15:04  Pneumatized Carapace  
  200  15:05  Zerg Melee Weapons Level 2  
  200  15:11  Overlord  
  200  15:14  Extractor x2  
  198  15:29  Drone x2  
  200  15:36  Spine Crawler  
  200  15:39  Drone  
  200  15:40  Spore Crawler, Overlord  
  200  15:41  Overlord  
  200  15:42  Zerg Flyer Weapons Level 3  
  199  15:43  Zerg Missile Weapons Level 2, Zerg Ground Armor Level 2  
  199  15:49  Spore Crawler  
  190  15:50  Spine Crawler  
  190  15:51  Hydralisk x5  
  190  15:56  Pathogen Glands  
  199  15:59  Ultralisk Cavern  
  199  16:01  Drone x2  
  199  16:12  Spore Crawler  
  199  16:13  Spore Crawler, Hatchery  
  199  16:14  Spore Crawler  
  195  16:19  Drone x2  
  195  16:23  Drone x3, Spore Crawler, Spine Crawler  
  195  16:24  Spine Crawler  
  197  16:26  Baneling  
  197  16:27  Baneling x8  
  197  16:28  Baneling  
  197  16:32  Drone x3  
  185  17:18  Hydralisk x8  
  195  17:32  Hydralisk x8  
  195  17:33  Hydralisk x3  
  195  17:36  Extractor  
  197  17:37  Extractor  
  196  17:45  Hydralisk x2  
  200  17:57  Spine Crawler  
  200  17:58  Spine Crawler  
  198  18:03  Drone x2  
  200  18:09  Zerg Missile Weapons Level 3  
  200  18:10  Zerg Ground Armor Level 3, Zerg Melee Weapons Level 3  
  200  18:19  Corruptor x3  
  191  18:28  Spine Crawler  
  191  18:29  Drone, Spine Crawler  
  191  18:30  Drone x2  
  192  18:34  Drone  
  192  18:37  Hydralisk  
  192  18:38  Hydralisk x2  
  199  18:48  Spine Crawler  
  199  18:49  Spine Crawler  
  199  18:50  Extractor  
  196  18:57  Drone x2  
  196  18:59  Corruptor  
  200  19:03  Overlord  
  199  19:17  Zerg Flyer Armor Level 3  
  199  19:19  Overlord  
  197  19:27  Spine Crawler, Overlord x2  
  197  19:28  Spore Crawler  
  197  19:29  Spine Crawler  
  182  19:39  Zergling x2  
  182  19:40  Zergling x8  
  182  19:45  Roach x7  
  191  19:46  Roach x4  
  191  19:50  Drone  
  200  20:06  Overlord  
  200  20:11  Chitinous Plating  
  195  20:42  Corruptor x7  
  185  20:50  Overseer  
  185  20:51  Hydralisk x3, Overseer  
  185  20:52  Drone x3  
  185  20:53  Infestor x5  
  200  21:04  Drone x3  
  198  21:05  Drone  
  198  21:06  Extractor  
  199  21:15  Overseer  
  196  21:33  Hydralisk  
  196  21:39  Hatchery  
  197  21:45  Overlord  
  197  22:00  Zergling x4  
  199  22:20  Spore Crawler, Hatchery  
  197  22:26  Queen  
  197  22:28  Spore Crawler, Spine Crawler  
  193  22:34  Zergling x4  
  193  22:35  Zergling x4  
  197  22:39  Extractor  
  197  22:40  Zergling x6  
  197  23:14  Hydralisk  
  197  23:24  Hydralisk x2  
  198  23:30  Drone x2  
  197  23:34  Spore Crawler  
  194  23:41  Drone x3  
  194  23:43  Spore Crawler x2  
  194  23:44  Hydralisk x2  
  194  23:45  Zergling x2, Spore Crawler  
  194  23:46  Spine Crawler  
  197  23:52  Baneling x8  
  197  23:53  Baneling x7, Queen  
  199  24:14  Spine Crawler  
  199  24:15  Spine Crawler  
  197  24:23  Drone  
  198  24:38  Extractor  
  197  24:42  Hydralisk x4  
  195  24:48  Infestor x2  
  195  24:49  Zergling x2  
  200  25:01  Hydralisk x2  
  198  25:13  Hydralisk x3  
  198  25:14  Hydralisk x8  
  175  25:15  Hydralisk x3  
  175  25:19  Overseer  
  193  25:24  Overlord  
  191  25:36  Zergling x2  
  191  25:37  Zergling x14  
  199  25:52  Overseer, Overlord x2  
  199  26:00  Hatchery  
  198  26:12  Spore Crawler  
  198  26:15  Hydralisk x3  
  198  26:16  Hydralisk x2  
  198  26:17  Zergling x6  
  193  26:20  Zergling x6  
  193  26:21  Zergling x6  
  199  26:30  Hydralisk x5  
  185  26:37  Hydralisk  
  187  26:43  Hydralisk x2  
  187  26:44  Hydralisk  
  173  26:51  Drone x2  
  173  26:53  Queen x2  
  177  26:57  Queen  
  175  27:01  Overseer  
  175  27:03  Zergling x12  
  175  27:05  Overseer  
  181  27:16  Baneling  
  181  27:17  Baneling x16, Infestor  
  181  27:18  Baneling x6, Infestor x4  
  181  27:19  Queen  
  181  27:20  Zergling x6  
  196  27:27  Zergling x6  
  199  27:31  Spine Crawler  
  196  27:37  Infestor  
  186  27:50  Corruptor x3  
  184  27:55  Infestor x4  
  184  27:56  Zergling x4  
  194  28:04  Drone  
  194  28:18  Zergling x2  
  194  28:19  Zergling x12  
  194  28:20  Zergling x12  
  200  28:35  Hatchery  
  199  28:47  Neural Parasite  
  192  29:01  Overseer  
  192  29:02  Overlord  
  180  29:51  Ultralisk x2  
  180  29:52  Corruptor x3  
  174  30:00  Viper  
  174  30:01  Viper x7  
  174  30:03  Drone  
  174  30:04  Drone  
  200  30:10  Extractor  
  200  30:11  Extractor  
  200  30:13  Zergling x16  
  192  30:19  Zergling x6  
  189  30:24  Ultralisk  
  189  30:25  Ultralisk, Zergling x2  
  199  30:28  Baneling  
  199  30:29  Baneling x11  
  199  30:47  Overseer  
  196  30:57  Overseer  
  196  31:01  Mutalisk  
  198  31:10  Drone x2  
  199  31:14  Spore Crawler, Spine Crawler  
  197  31:33  Hatchery  
  197  31:39  Hydralisk x2  
  198  32:01  Zergling x6  
  198  32:12  Drone  
  188  32:25  Hatchery  
  188  32:26  Drone x2  
  187  32:38  Drone  
  187  32:39  Zergling x4  
  187  32:43  Zergling x2  
  187  32:44  Zergling x32  
  190  32:55  Ultralisk x3  
  190  32:56  Zergling x8  
  170  33:02  Hydralisk  
  136  33:07  Hydralisk  
  136  33:08  Zergling x12  
  126  33:15  Hydralisk  
  126  33:18  Zergling x4  
  118  33:20  Overseer x3  
  118  33:23  Hydralisk x2  
  118  33:24  Hydralisk  
  118  33:25  Baneling  
  118  33:26  Baneling x10  
  124  33:32  Drone x2  
  124  33:33  Hydralisk x2  
  130  33:34  Roach x2  
  130  33:35  Roach, Extractor  
  130  33:37  Mutalisk x2  
  121  33:42  Roach  
  121  33:43  Roach x11  
  121  33:46  Drone x2  
  121  33:47  Drone  
  148  33:53  Infestor x6  
  160  33:58  Drone  
  161  34:08  Roach x4  
  169  34:14  Drone x2  
  169  34:16  Drone  
  172  34:24  Drone x3  
  172  34:29  Infestor x2  
  179  34:32  Baneling x4  
  164  35:02  Drone x2  
  164  35:05  Hydralisk x3  
  172  35:13  Zergling x2  
  173  35:16  Viper x5  
  184  35:30  Zergling x10  
  174  35:44  Hydralisk x2  
  174  35:47  Hydralisk  
  174  35:48  Hydralisk  
  164  36:17  Roach  
  164  36:18  Roach x7  
  178  36:34  Extractor  
  178  36:37  Extractor  
  178  36:39  Hydralisk x2  
  179  36:50  Drone  
  179  36:51  Zergling x2  
  179  36:52  Zergling x8  
  179  37:07  Hydralisk  
  179  37:36  Zergling x6  
  171  37:41  Zergling x18  
  171  37:42  Zergling x14  
  138  38:04  Zergling x2  
  138  38:05  Zergling x10  
Tags
 
Add a new tag
Caveats
  • Supply blocks, unpowered buildings, or Contaminate may cause inaccurate times.
  • Supply counts are checked every 10 seconds.